Map: Odyssey LE

Players

PtitDrogo - Winner!

  • Race: Protoss Protoss
  • Spawn Location: 5:00

Zanster

  • Race: Zerg Zerg
  • Spawn Location: 11:00

Event: WCS Jonkoping 2017

VOD

Have the link to the VOD?

Description

Time

  • Played on: June 17, 2017, 10:22 a.m.
  • Length: 9:24

All games in this series

Show
View Real Time Build Order
Export as new Build Order

PtitDrogo Protoss - Winner!

Build Orders: 1 Gate Expand 

Get SALT Encoding   

  12  0:01  Probe (Chrono Boost)  
  13  0:11  Probe (Chrono Boost)  
  14  0:18  Pylon  
  14  0:22  Probe (Chrono Boost)  
  15  0:36  Probe (Chrono Boost)  
  15  0:40  Gateway  
  16  0:47  Probe (Chrono Boost)  
  16  0:48  Assimilator  
  17  0:57  Probe (Chrono Boost)  
  18  1:08  Probe (Chrono Boost)  
  19  1:20  Nexus  
  19  1:23  Probe (Chrono Boost)  
  20  1:33  Cybernetics Core  
  20  1:36  Probe (Chrono Boost)  
  21  1:44  Assimilator  
  21  1:47  Probe (Chrono Boost)  
  21  1:52  Pylon  
  22  1:57  Probe (Chrono Boost)  
  23  2:10  Probe (Chrono Boost), Adept (Chrono Boost)  
  23  2:11  Warp Gate  
  26  2:22  Probe  
  27  2:24  Robotics Facility  
  27  2:31  Probe  
  27  2:34  Probe  
  29  2:37  Stalker (Chrono Boost)  
  29  2:42  Probe  
  32  2:46  Probe  
  33  2:53  Probe  
  34  2:59  Probe  
  34  3:03  Probe  
  36  3:15  Probe  
  36  3:16  Immortal (Chrono Boost)  
  36  3:18  Probe  
  42  3:26  Gateway  
  40  3:27  Probe  
  40  3:28  Gateway, Adept  
  40  3:33  Probe  
  43  3:36  Pylon  
  43  3:39  Probe  
  45  3:41  Pylon  
  45  3:43  Probe  
  46  3:54  Probe x2, Warp Prism (Chrono Boost)  
  50  3:58  Assimilator  
  50  4:01  Assimilator  
  50  4:04  Probe  
  50  4:06  Pylon, Probe  
  52  4:15  Probe, Adept  
  55  4:21  Probe  
  55  4:23  Sentry x2  
  60  4:25  Probe  
  60  4:29  Observer (Chrono Boost)  
  62  4:34  Probe  
  62  4:35  Pylon  
  62  4:36  Probe  
  64  4:39  Sentry  
  66  4:46  Probe x2  
  66  4:48  Nexus  
  68  4:54  Adept x2  
  68  4:56  Mothership Core  
  72  5:03  Probe  
  73  5:13  Pylon  
  73  5:15  Probe, Twilight Council  
  73  5:16  Pylon  
  73  5:18  Forge  
  74  5:25  Immortal (Chrono Boost)  
  78  5:33  Probe  
  78  5:35  Probe  
  78  5:39  Gateway  
  78  5:40  Gateway  
  78  5:42  Gateway  
  78  5:44  Probe, Gateway  
  78  5:47  Probe, Sentry, Protoss Ground Weapons Level 1  
  78  5:48  Sentry  
  84  5:50  Zealot  
  84  5:55  Probe, Gateway  
  87  6:01  Charge (Chrono Boost)  
  87  6:07  Immortal  
  87  6:09  Probe  
  87  6:10  Probe  
  92  6:12  Probe  
  92  6:18  Assimilator  
  94  6:21  Probe x2  
  94  6:22  Assimilator  
  94  6:24  Pylon  
  96  6:30  Probe  
  97  6:35  Zealot x3  
  97  6:37  Templar Archives  
  103  6:40  Photon Cannon  
  103  6:46  Zealot x3  
  109  6:52  Zealot  
  97  6:56  Immortal  
  97  6:57  Zealot  
  97  6:59  Zealot  
  103  7:04  Zealot  
  103  7:07  Zealot x3  
  107  7:08  Probe  
  107  7:10  Probe  
  107  7:11  Probe  
  108  7:20  Zealot x4, Probe  
  109  7:33  Probe  
  109  7:34  Probe x2  
  109  7:36  Immortal  
  109  7:39  Zealot x3  
  114  7:45  Probe  
  114  7:46  Probe x2  
  114  7:49  Photon Cannon  
  117  7:51  Pylon  
  117  7:53  Pylon  
  117  7:55  Pylon  
  117  8:05  Pylon  
  117  8:09  Probe  
  117  8:12  Pylon, High Templar x3  
  124  8:13  High Templar x4  
  124  8:14  High Templar  
  124  8:17  Archon x3  
  124  8:18  Archon  
  134  8:20  Immortal  
  138  8:29  Pylon  
  138  8:30  Pylon  
  138  8:35  Nexus  
  138  8:48  High Templar x2  
  142  8:49  Zealot x3  
  142  8:50  Zealot, High Templar x2  
  142  8:52  Archon  
  142  8:54  Archon  
  152  8:59  Pylon  
  152  9:00  Pylon  
  122  9:10  Zealot x3  
  122  9:13  Zealot  
  127  9:20  Zealot x2  
Show
View Real Time Build Order
Export as new Build Order

Zanster Zerg 

Build Orders: Hatch First 

Get SALT Encoding   

  12  0:00  Drone  
  13  0:13  Overlord  
  13  0:16  Drone  
  14  0:31  Drone x2  
  16  0:35  Drone  
  17  0:51  Hatchery  
  17  0:54  Drone  
  17  0:57  Drone  
  18  1:08  Extractor  
  17  1:12  Spawning Pool  
  17  1:15  Drone  
  17  1:19  Drone  
  18  1:29  Drone  
  19  1:40  Drone  
  20  1:51  Overlord  
  20  1:58  Queen  
  22  2:03  Queen  
  22  2:04  Zergling x4  
  22  2:08  Metabolic Boost  
  26  2:15  Drone x2  
  28  2:23  Drone  
  28  2:26  Drone  
  30  2:38  Hatchery  
  30  2:39  Drone  
  30  2:43  Drone  
  31  2:47  Queen  
  33  2:53  Overlord  
  33  2:55  Drone  
  33  2:56  Drone  
  35  2:59  Drone  
  36  3:11  Drone x2  
  36  3:16  Spore Crawler  
  36  3:18  Drone x4  
  38  3:21  Overlord  
  38  3:22  Drone  
  38  3:24  Drone  
  38  3:26  Drone  
  42  3:35  Drone x2  
  42  3:38  Lair  
  42  3:40  Extractor  
  43  3:41  Drone  
  43  3:47  Drone  
  45  3:48  Roach Warren  
  45  3:50  Drone  
  45  3:51  Drone  
  45  3:54  Drone x2  
  48  3:56  Drone  
  48  3:57  Drone  
  48  3:59  Drone  
  48  4:01  Drone  
  52  4:04  Overlord  
  52  4:06  Zergling x2  
  52  4:07  Zergling x2  
  52  4:09  Zergling x2  
  55  4:15  Zergling x2  
  56  4:17  Zergling x2  
  56  4:20  Overlord  
  57  4:26  Overlord  
  57  4:29  Roach  
  57  4:30  Roach x3  
  65  4:36  Overseer  
  65  4:39  Roach x4  
  65  4:41  Overlord  
  73  4:46  Extractor  
  73  4:48  Overlord  
  72  4:54  Overlord  
  72  4:56  Drone  
  72  4:57  Drone x7  
  72  4:58  Drone  
  72  4:59  Drone  
  80  5:02  Glial Reconstitution  
  78  5:07  Evolution Chamber  
  78  5:10  Overseer  
  75  5:16  Overlord  
  75  5:18  Extractor  
  75  5:20  Overlord  
  74  5:25  Queen  
  74  5:26  Zergling x10  
  78  5:32  Zergling x10  
  78  5:33  Zergling x2  
  81  5:40  Zerg Melee Weapons Level 1  
  81  5:42  Zergling x8  
  85  5:43  Zergling x2  
  85  5:48  Overlord  
  86  6:00  Ravager x2  
  86  6:04  Zergling x12  
  89  6:05  Hatchery  
  94  6:11  Zergling x10  
  94  6:18  Zergling x10  
  99  6:22  Overlord  
  103  6:27  Ravager  
  103  6:28  Ravager x2  
  103  6:30  Overlord  
  106  6:43  Zergling x24  
  117  6:47  Baneling Nest  
  117  6:53  Zergling x2  
  117  6:54  Zergling x2  
  102  7:05  Drone  
  102  7:06  Drone x3  
  106  7:14  Drone x5  
  104  7:19  Drone x5  
  107  7:23  Overlord  
  107  7:24  Hydralisk Den  
  103  7:30  Zergling x2  
  103  7:31  Zergling x8  
  102  7:41  Zergling x8  
  100  7:46  Centrifical Hooks  
  100  7:49  Extractor  
  99  7:52  Drone x8  
  99  7:54  Extractor  
  99  7:55  Overlord  
  106  8:07  Overlord  
  106  8:10  Hydralisk x5, Muscular Augments  
  106  8:12  Hydralisk  
  116  8:17  Overlord  
  118  8:23  Hydralisk x2  
  118  8:24  Zergling x20  
  132  8:28  Overlord  
  132  8:33  Hydralisk x3  
  138  8:38  Hydralisk, Zergling x2  
  138  8:39  Zergling x2  
  138  8:41  Baneling x2  
  142  8:45  Overlord  
  142  8:46  Baneling  
  142  8:47  Baneling x3  
  142  8:48  Zergling x10  
  144  8:49  Baneling  
  144  8:50  Baneling  
  144  8:52  Baneling  
  144  8:55  Zergling x16  
  152  8:56  Baneling  
  152  8:57  Baneling x2  
  152  8:59  Baneling  
  150  9:06  Zergling x2  
  150  9:07  Zergling x10  
Tags
 
Add a new tag
Caveats
  • Supply blocks, unpowered buildings, or Contaminate may cause inaccurate times.
  • Supply counts are checked every 10 seconds.